IL
LOUISVILLE BATS @ LEHIGH VALLEY IRONPIGS
08/31/2046
 
TOP OF THE 1ST
Louisville Bats batting - Pitching for Lehigh Valley IronPigs : RHP Ken Tetzlaff
Pitching: RHP Ken Tetzlaff
Batting: RHB Solange Le Coq 0-0: Swinging Strike
0-1: Called Strike
0-2: Ball
1-2: Foul Ball, location: 2F
1-2: Ball
2-2: Strikes out swinging
Batting: LHB Satoru Handa 0-0: Ground out 6-3 (Groundball, 6, EV 88.8 MPH)
Batting: RHB Chase Briney 0-0: Ball
1-0: Ground out 5-3 (Groundball, 5, EV 101.9 MPH)
Top of the 1st over - 0 runs, 0 hits, 0 errors, 0 left on base; Louisville 0 - Lehigh Valley 0
BOTTOM OF THE 1ST
Lehigh Valley IronPigs batting - Pitching for Louisville Bats : RHP Hideki Kobayashi
Pitching: RHP Hideki Kobayashi
Batting: RHB Mitch Boyd 0-0: Called Strike
0-1: Ball
1-1: Ball
2-1: DOUBLE (Line Drive, 7LS, EV 99.4 MPH)
Batting: RHB Alberto Ramirez 0-0: Called Strike
0-1: Ball
1-1: Called Strike
1-2: Strikes out looking
Batting: LHB Danny Hill 0-0: Swinging Strike
0-1: Ground out 4-3 (Groundball, 4S, EV 76.9 MPH)
Mitch Boyd to third
Batting: LHB Jose Carlos 0-0: Ball
1-0: Ball
2-0: Swinging Strike
2-1: Foul Ball, location: 2F
2-2: Foul Ball, location: 2F
2-2: Ground out U3 (Groundball, 3D, EV 97.5 MPH)
Bottom of the 1st over - 0 runs, 1 hit, 0 errors, 1 left on base; Louisville 0 - Lehigh Valley 0
TOP OF THE 2ND
Louisville Bats batting - Pitching for Lehigh Valley IronPigs : RHP Ken Tetzlaff
Batting: SHB Freddie Farrar 0-0: Ball
1-0: Swinging Strike
1-1: Called Strike
1-2: Strikes out looking
Batting: RHB Stephen Charbonneau 0-0: Ball
1-0: Ground out 5-3 (Groundball, 5, EV 88.1 MPH)
Batting: LHB David Cruz 0-0: Ball
1-0: Ball
2-0: Foul Ball, location: 2F
2-1: Ball
3-1: Base on Balls
Batting: SHB Paul Sandoval 0-0: Called Strike
0-1: Called Strike
0-2: Foul Ball, location: 2F
0-2: Ball
David Cruz is caught stealing 2nd base 2-6
Top of the 2nd over - 0 runs, 0 hits, 0 errors, 0 left on base; Louisville 0 - Lehigh Valley 0
BOTTOM OF THE 2ND
Lehigh Valley IronPigs batting - Pitching for Louisville Bats : RHP Hideki Kobayashi
Batting: RHB Raul de la Cruz 0-0: Ball
1-0: Ball
2-0: Foul Ball, location: 2F
2-1: Ball
3-1: SINGLE (Groundball, 56D, EV 96.9 MPH)
Batting: SHB Phuck II 0-0: Foul Ball, location: 2F
0-1: Ball
1-1: Foul Ball, location: 2F
1-2: Foul Ball, location: 2F
1-2: Foul Ball, location: 2F
1-2: Ball
2-2: Foul Ball, location: 2F
2-2: Strikes out looking
Batting: RHB Moritake Fukumoto 0-0: Called Strike
0-1: Called Strike
0-2: Strikes out swinging
Batting: RHB Kyle Reilly 0-0: Ball
Raul de la Cruz steals 2nd base
1-0: Foul Ball, location: 2F
1-1: SINGLE (Line Drive, 4M, EV 96.9 MPH)
Raul de la Cruz to third
Runner from 3rd tries for Home, SAFE, throw by CF to home
Batting: RHB Luis Arce 0-0: SINGLE (Line Drive, 6MD, EV 103.1 MPH)
Kyle Reilly to second
Runner from 2nd tries for 3rd, SAFE, throw by CF made to third
Batting: RHB Mitch Boyd 0-0: Ball
1-0: Called Strike
1-1: Foul Ball, location: 2F
1-2: SINGLE (Groundball, 56, EV 100.6 MPH) (infield hit)
Kyle Reilly scores
Luis Arce to second
Batting: RHB Alberto Ramirez 0-0: Called Strike
0-1: Ball
1-1: Fly out, F6 (Popup, 6MS, EV 75.6 MPH)
Bottom of the 2nd over - 2 runs, 4 hits, 0 errors, 2 left on base; Louisville 0 - Lehigh Valley 2
TOP OF THE 3RD
Louisville Bats batting - Pitching for Lehigh Valley IronPigs : RHP Ken Tetzlaff
Batting: SHB Paul Sandoval 0-0: Ball
1-0: Ball
2-0: Swinging Strike
2-1: Foul Ball, location: 2F
2-2: Strikes out looking
Batting: RHB Steve Anderson 0-0: Ball
1-0: Ball
2-0: Called Strike
2-1: Ground out 5-3 (Groundball, 56S, EV 83.1 MPH)
Batting: LHB Manny Ruvalcaba 0-0: Called Strike
0-1: Ball
1-1: Ball
2-1: Ground out 4-3 (Groundball, 34, EV 106.9 MPH)
Top of the 3rd over - 0 runs, 0 hits, 0 errors, 0 left on base; Louisville 0 - Lehigh Valley 2
BOTTOM OF THE 3RD
Lehigh Valley IronPigs batting - Pitching for Louisville Bats : RHP Hideki Kobayashi
Batting: LHB Danny Hill 0-0: Ball
1-0: Ball
2-0: Foul Ball, location: 2F
2-1: Ground out 3-1 (Groundball, 34, EV 103.1 MPH)
Batting: LHB Jose Carlos 0-0: Called Strike
0-1: Foul Ball, location: 2F
0-2: Ground out 4-3 (Groundball, 4, EV 86.2 MPH)
Batting: RHB Raul de la Cruz 0-0: Ball
1-0: Ball
2-0: SINGLE (Groundball, 5S, EV 71.2 MPH) (infield hit)
Batting: SHB Phuck II 0-0: Ball
Raul de la Cruz steals 2nd base
1-0: Swinging Strike
1-1: Called Strike
1-2: Ball
2-2: Ground out 6-3 (Groundball, 6M, EV 101.2 MPH)
Bottom of the 3rd over - 0 runs, 1 hit, 0 errors, 1 left on base; Louisville 0 - Lehigh Valley 2
TOP OF THE 4TH
Louisville Bats batting - Pitching for Lehigh Valley IronPigs : RHP Ken Tetzlaff
Batting: RHB Solange Le Coq 0-0: Ball
1-0: Called Strike
1-1: Called Strike
1-2: Foul Ball, location: 2F
1-2: Ball
2-2: Ball
3-2: Foul Ball, location: 2F
3-2: Strikes out looking
Batting: LHB Satoru Handa 0-0: Called Strike
0-1: Foul Ball, location: 2F
0-2: Ball
1-2: Ball
2-2: Ground out 4-3 (Groundball, 4S, EV 88.1 MPH)
Batting: RHB Chase Briney 0-0: Called Strike
0-1: Ball
1-1: Ground out 4-3 (Groundball, 4, EV 82.5 MPH)
Top of the 4th over - 0 runs, 0 hits, 0 errors, 0 left on base; Louisville 0 - Lehigh Valley 2
BOTTOM OF THE 4TH
Lehigh Valley IronPigs batting - Pitching for Louisville Bats : RHP Hideki Kobayashi
Batting: RHB Moritake Fukumoto 0-0: Called Strike
0-1: Ball
1-1: Fly out, F9 (Flyball, 9, EV 83.1 MPH)
Batting: RHB Kyle Reilly 0-0: Ball
1-0: Fly out, F8 (Line Drive, 8LD, EV 85.0 MPH)
Batting: RHB Luis Arce 0-0: Called Strike
0-1: Ball
1-1: Ball
2-1: Ball
3-1: Called Strike
3-2: Fly out, F7 (Flyball, 78S, EV 86.9 MPH)
Bottom of the 4th over - 0 runs, 0 hits, 0 errors, 0 left on base; Louisville 0 - Lehigh Valley 2
TOP OF THE 5TH
Louisville Bats batting - Pitching for Lehigh Valley IronPigs : RHP Ken Tetzlaff
Batting: SHB Freddie Farrar 0-0: Fly out, F7 (Flyball, 7S, EV 90.6 MPH)
Batting: RHB Stephen Charbonneau 0-0: Ball
1-0: Fly out, F8 (Flyball, 89D, EV 100.0 MPH)
Batting: LHB David Cruz 0-0: Ball
1-0: Ball
2-0: Foul Ball, location: 2F
2-1: Foul Ball, location: 2F
2-2: Ball
3-2: Fly out, F6 (Popup, 6MS, EV 70.0 MPH)
Top of the 5th over - 0 runs, 0 hits, 0 errors, 0 left on base; Louisville 0 - Lehigh Valley 2
BOTTOM OF THE 5TH
Lehigh Valley IronPigs batting - Pitching for Louisville Bats : RHP Hideki Kobayashi
Batting: RHB Mitch Boyd 0-0: Called Strike
0-1: Ball
1-1: Called Strike
1-2: Fly out, F2 (Popup, 23F, EV 87.5 MPH)
Batting: RHB Alberto Ramirez 0-0: Foul Ball, location: 2F
0-1: Ball
1-1: Foul Ball, location: 2F
1-2: Foul Ball, location: 2F
1-2: Ball
2-2: SINGLE (Line Drive, 4D, EV 96.2 MPH)
Batting: LHB Danny Hill 0-0: Ball
Alberto Ramirez steals 2nd base
1-0: Ball
2-0: Fly out, F3 (Flyball, 3D, EV 88.1 MPH)
Batting: LHB Jose Carlos 0-0: Ground out 4-3 (Groundball, 4, EV 105.6 MPH)
Bottom of the 5th over - 0 runs, 1 hit, 0 errors, 1 left on base; Louisville 0 - Lehigh Valley 2
TOP OF THE 6TH
Louisville Bats batting - Pitching for Lehigh Valley IronPigs : RHP Ken Tetzlaff
Batting: SHB Paul Sandoval 0-0: Ball
1-0: Swinging Strike
1-1: Ground out 4-3 (Groundball, 4M, EV 81.9 MPH)
Batting: RHB Steve Anderson 0-0: Fly out, F9 (Flyball, 9D, EV 98.8 MPH)
Batting: LHB Manny Ruvalcaba 0-0: Ball
1-0: Foul Ball, location: 2F
1-1: Swinging Strike
1-2: Strikes out swinging
Top of the 6th over - 0 runs, 0 hits, 0 errors, 0 left on base; Louisville 0 - Lehigh Valley 2
BOTTOM OF THE 6TH
Lehigh Valley IronPigs batting - Pitching for Louisville Bats : RHP Hideki Kobayashi
Batting: RHB Raul de la Cruz 0-0: Fly out, F8 (Line Drive, 8RM, EV 90.6 MPH)
Batting: SHB Phuck II 0-0: Ground out U3 (Groundball, 3, EV 84.4 MPH)
Batting: RHB Moritake Fukumoto 0-0: Ball
1-0: Ball
2-0: Ball
3-0: Base on Balls
Batting: RHB Kyle Reilly 0-0: SINGLE (Line Drive, 34, EV 96.9 MPH)
Moritake Fukumoto to second
Runner from 2nd tries for 3rd, SAFE, throw by RF made to third
Pitching: RHP André Gaillard
Batting: RHB Luis Arce 0-0: Called Strike
0-1: Ball
1-1: Fielders Choice at 2nd, 6-4 (Groundball, 6, EV 80.6 MPH)
Bottom of the 6th over - 0 runs, 1 hit, 0 errors, 2 left on base; Louisville 0 - Lehigh Valley 2
TOP OF THE 7TH
Louisville Bats batting - Pitching for Lehigh Valley IronPigs : RHP Ken Tetzlaff
Batting: RHB Solange Le Coq 0-0: Called Strike
0-1: Called Strike
0-2: Ground out 4-3 (Groundball, 4, EV 101.9 MPH)
Batting: LHB Satoru Handa 0-0: Ball
1-0: Ground out 6-3 (Groundball, P, EV 87.5 MPH)
Batting: RHB Chase Briney 0-0: Ball
1-0: Foul Ball, location: 2F
1-1: Called Strike
1-2: Strikes out swinging
Top of the 7th over - 0 runs, 0 hits, 0 errors, 0 left on base; Louisville 0 - Lehigh Valley 2
BOTTOM OF THE 7TH
Lehigh Valley IronPigs batting - Pitching for Louisville Bats : RHP André Gaillard
Batting: RHB Mitch Boyd 0-0: Ball
1-0: Ground out 2-3 (Groundball, 13S, EV 71.2 MPH)
Batting: RHB Alberto Ramirez 0-0: Called Strike
0-1: Ball
1-1: Ball
2-1: Ball
3-1: Called Strike
3-2: Fly out, F8 (Flyball, 89M, EV 87.5 MPH)
Batting: LHB Danny Hill 0-0: Ground out 1-3 (Groundball, 13, EV 68.1 MPH)
Bottom of the 7th over - 0 runs, 0 hits, 0 errors, 0 left on base; Louisville 0 - Lehigh Valley 2
TOP OF THE 8TH
Louisville Bats batting - Pitching for Lehigh Valley IronPigs : RHP Ken Tetzlaff
Batting: SHB Freddie Farrar 0-0: Ball
1-0: Swinging Strike
1-1: Foul Ball, location: 2F
1-2: Strikes out swinging
Batting: RHB Stephen Charbonneau 0-0: DOUBLE (Line Drive, 78D, EV 95.0 MPH)
Batting: LHB David Cruz 0-0: Ball
1-0: Ball
2-0: Ground out 6-3 (Groundball, 6, EV 83.8 MPH)
Stephen Charbonneau to third
Batting: SHB Paul Sandoval 0-0: Called Strike
0-1: Called Strike
0-2: Ball
1-2: Ground out 6-3 (Groundball, 6D, EV 99.4 MPH)
Top of the 8th over - 0 runs, 1 hit, 0 errors, 1 left on base; Louisville 0 - Lehigh Valley 2
BOTTOM OF THE 8TH
Lehigh Valley IronPigs batting - Pitching for Louisville Bats : RHP André Gaillard
Batting: LHB Jose Carlos 0-0: Ball
1-0: Ball
2-0: Ball
3-0: Base on Balls
Batting: RHB Raul de la Cruz 0-0: Ball
1-0: SINGLE (Groundball, 56, EV 101.2 MPH)
Jose Carlos to second
Batting: SHB Phuck II 0-0: Bunted foul
0-1: Ball
1-1: Bunted foul
1-2: Foul Ball, location: 2F
1-2: Fly out, F9 (Flyball, 89D, EV 95.6 MPH)
Runner from 2nd tags up, SAFE at 3rd, no throw by RF
Batting: RHB Moritake Fukumoto 0-0: Called Strike
0-1: Ball
Raul de la Cruz steals 2nd base
1-1: Called Strike
1-2: Ball
2-2: Foul Ball, location: 2F
2-2: Foul Ball, location: 2F
2-2: Strikes out swinging
Batting: RHB Kyle Reilly 0-0: Called Strike
0-1: SINGLE (Groundball, 56D, EV 103.8 MPH)
Jose Carlos scores
Raul de la Cruz to third
Runner from 3rd tries for Home, SAFE, throw by LF to home
Batting: RHB Luis Arce 0-0: Ball
1-0: Fly out, F7 (Flyball, 7, EV 89.4 MPH)
Bottom of the 8th over - 2 runs, 2 hits, 0 errors, 1 left on base; Louisville 0 - Lehigh Valley 4
TOP OF THE 9TH
Louisville Bats batting - Pitching for Lehigh Valley IronPigs : RHP Ken Tetzlaff
Pitching: RHP Jeremy Mitchem
Batting: RHB Steve Anderson 0-0: Called Strike
0-1: Ball
1-1: Foul Ball, location: 2F
1-2: Ball
2-2: Strikes out looking
Batting: LHB Manny Ruvalcaba 0-0: Called Strike
0-1: Ground out 4-3 (Groundball, 4, EV 84.4 MPH)
Batting: RHB Solange Le Coq 0-0: Ball
1-0: Ground out 5-3 (Groundball, 56S, EV 72.5 MPH)
Top of the 9th over - 0 runs, 0 hits, 0 errors, 0 left on base; Louisville 0 - Lehigh Valley 4
Tuesday, September 13th , 2022 - OOTP Baseball 23.7 Build 88